 Dungeon Crawl Stone Soup version 0.29.0-4-gdea44cf6ec (webtiles) character file.

Game seed: 15836594693618709490

65 qw the Chopper (level 4, -1/26 HPs)
             Began as a Tengu Warper on Aug 28, 2022.
             Slain by Sigmund
             ... wielding a +0 scythe
              (4 damage)
             ... on level 4 of the Dungeon.
             The game lasted 00:00:14 (2681 turns).

qw the Chopper (Tengu Warper)                       Turns: 2681, Time: 00:00:14

Health: -1/26      AC: 12    Str: 13    XL:     4   Next: 14%
Magic:  8/8        EV:  3    Int: 14    God:
Gold:   131        SH:  4    Dex: 19    Spells: 7/7 levels left

rFire   . . .      SeeInvis .   Y - +1 war axe
rCold   . . .      Faith    .   e - +0 buckler
rNeg    . . .      Spirit   .   k - +0 plate armour
rPois   .          Reflect  .   (helmet restricted)
rElec   .          Harm     .   (no cloak)
rCorr   .          Rampage  .   p - +1 pair of gloves
Will    .....                   (boots unavailable)
Stlth   ..........              (no amulet)
HPRegen 0.08/turn               a - +6 ring of dexterity
MPRegen 0.11/turn               (no ring)

@: no status effects
A: beak, talons 3
a: no special abilities


You were on level 4 of the Dungeon.
You visited 1 branch of the dungeon, and saw 4 of its levels.

You collected 193 gold pieces.
You spent 62 gold pieces at shops.


Innate Abilities, Weirdness & Mutations

You have a beak for a mouth.
You have claws for feet.


   Skills:
 - Level 2.0 Fighting
 + Level 4.1 Axes
 - Level 1.0 Throwing
 - Level 2.0 Armour
 - Level 2.1 Dodging
 - Level 1.0 Shields
 - Level 2.0 Spellcasting
 - Level 2.4 Translocations


You had 7 spell levels left.
You didn't know any spells.
Your spell library contained the following spells:

 Spells                   Type           Power      Damage    Failure   Level
 Blink                    Tloc           16%        N/A       100%        2
 Gell's Gravitas          Tloc           8%         N/A       100%        3
 Lesser Beckoning         Tloc           8%         N/A       100%        3
 Teleport Other           Tloc           8%         N/A       100%        3
 Manifold Assault         Tloc           8%         N/A       100%        5

Inventory:

Hand Weapons
 l - a +0 mace
 Y - a +1 war axe (weapon)
Armour
 e - a +0 buckler (worn)
 k - a +0 plate armour (worn)
 p - a +1 pair of gloves (worn)
Jewellery
 a - a +6 ring of dexterity (left hand)
 b - a +6 ring of intelligence
Scrolls
 d - a scroll of vulnerability {unknown}
 f - 2 scrolls of identify
Potions
 c - 2 potions of heal wounds
 g - a potion of curing
 h - a potion of might
 o - a potion of resistance {unknown}

Dungeon Overview and Level Annotations

Branches:
Dungeon (4/15)
 Temple: D:4-7

Altars:

Shops:
D:4 *

Annotations:
D:4 Sigmund


Message History

There is a stone staircase leading up here.
Existing waypoints: (1) D:2 (2) D:3 Assign waypoint to what number? (0-9, D - delete waypoint) Waypoint 1 re-assigned from D:2 to D:4.
Enter note:
2653 ||| PLANNING SEWER
Found a stone staircase leading up.
There is an entrance to Bepemu's Assorted Antiques here.
2655 ||| BUYING scroll of identify (62 gold).
f - 2 scrolls of identify (gained 1) Thank you for shopping at Bepemu's Assorted Antiques!
b - a +6 ring of intelligence
Found a stone staircase leading up.
d - a scroll labelled WITZIA EMOHU Sigmund the Dreaded comes into view.
He is wielding a +0 scythe.
Sigmund shouts!
Sigmund moves out of view.
Sigmund barely misses you.
Found 13 gold pieces.
You slash Sigmund! Your kick misses Sigmund.
Sigmund is moderately wounded.
Sigmund hits you with a +0 scythe!
You barely miss Sigmund.
Sigmund is moderately wounded.
Sigmund hits you but does no damage.
You hit Sigmund. You claw Sigmund.
Sigmund is heavily wounded.
Sigmund mumbles some strange words.
Sigmund flickers and vanishes!
Deactivating autopickup; reactivate with Ctrl-A.
You closely miss something. Something hits you!
You closely miss something. You claw something. Your peck misses something.
Something hits you but does no damage.
You slash something! Something hits you!
You barely miss something. Your kick misses something. You peck something.
Something hits you.
You die...

##8...<.......
......(...#### #.$
...)\.....# .#..
.......##.... #...
..>...8# ###.#
####..# ......## .
.....# 8.....#
#....##.. #####.#####
#{.#..... #......#
##@.......
#......#####...#####.
#......#......##
#........####.#
#....<.### #.#
#......# #.# #......#
#^# #......# #.#
#......# .#


There were no monsters in sight!

Vanquished Creatures
  An adder (D:3)
  A worm (D:3)
  2 dart slugs
  2 orcs (D:3)
  4 ball pythons
  2 endoplasms (D:1)
  2 giant cockroaches
  5 goblins
  3 hobgoblins
  5 bats
  16 frilled lizards
  3 kobolds
  6 rats
52 creatures vanquished.

Vanquished Creatures (others)
  8 plants (D:3)
8 creatures vanquished.

Grand Total: 60 creatures vanquished

Notes
Turn   | Place    | Note
-------+----------+-------------------------------------------
     0 | D:1      | qw the Tengu Warper began the quest for the Orb.
     0 | D:1      | Reached XP level 1. HP: 12/12 MP: 4/4
     0 | D:1      | 0 ||| qw: Version: 0.1-a-89-g26bdef1
     0 | D:1      | 0 ||| qw: Game counter: 1716
     0 | D:1      | 0 ||| qw: Always use a shield: true
     0 | D:1      | 0 ||| qw: God list: Okawaru
     0 | D:1      | 0 ||| qw: Allow faded altars: false
     0 | D:1      | 0 ||| qw: Do Orc after D:15 true
     0 | D:1      | 0 ||| qw: Do second Lair branch before Depths: true
     0 | D:1      | 0 ||| qw: Lair rune preference: random
     0 | D:1      | 0 ||| qw: Plans: Normal
     0 | D:1      | 0 ||| PLANNING D:1-11
   224 | D:1      | Reached skill level 3 in Axes
   224 | D:1      | Reached XP level 2. HP: 17/17 MP: 6/6
   304 | D:1      | 304 ||| Stepping ~*~*~tactically~*~*~ (hiding).
   306 | D:1      | 306 ||| Stepping ~*~*~tactically~*~*~ (hiding).
   819 | D:1      | 819 ||| DROPPING +0 club.
   979 | D:1      | 979 ||| READING scroll labelled IMPUAF ZIWK.
   980 | D:1      | 980 ||| READING scroll labelled FEMEIZ LEFU.
  1081 | D:1      | 1081 ||| READING scroll labelled TAOSU AKAXAI.
  1086 | D:1      | 1086 ||| DROPPING scroll of blinking.
  1206 | D:2      | Reached XP level 3. HP: 21/21 MP: 7/7
  1771 | D:2      | 1771 ||| UPGRADING to +0 buckler.
  1776 | D:2      | 1776 ||| UPGRADING to +0 plate armour.
  1786 | D:2      | 1786 ||| DROPPING +0 leather armour.
  1787 | D:2      | 1787 ||| UPGRADING to +6 ring of dexterity.
  1788 | D:2      | 1788 ||| READING 3 scrolls labelled GURAOM UPTO EGG.
  1789 | D:2      | 1789 ||| READING scroll labelled NIDWOSCH SOUL.
  1790 | D:2      | 1790 ||| DRINKING 2 clear potions.
  1791 | D:2      | 1791 ||| DRINKING 2 smoky silvery potions.
  1792 | D:2      | 1792 ||| READING 2 scrolls of identify.
  1792 | D:2      | 1792 ||| IDENTIFYING viscous brown potion
  2026 | D:3      | 2026 ||| Stepping ~*~*~tactically~*~*~ (stealth).
  2032 | D:3      | 2032 ||| Stepping ~*~*~tactically~*~*~ (stealth).
  2040 | D:3      | Reached skill level 1 in Shields
  2044 | D:3      | Reached skill level 4 in Axes
  2086 | D:3      | 2086 ||| Stepping ~*~*~tactically~*~*~ (stealth).
  2198 | D:3      | Reached XP level 4. HP: 22/26 MP: 8/8
  2433 | D:3      | 2433 ||| Stepping ~*~*~tactically~*~*~ (stealth).
  2486 | D:3      | 2486 ||| Stepping ~*~*~tactically~*~*~ (stealth).
  2613 | D:3      | 2613 ||| SWAPPING to +0 war axe.
  2614 | D:3      | 2614 ||| DROPPING +0 hand axe.
  2615 | D:3      | 2615 ||| UPGRADING to +1 pair of gloves.
  2620 | D:3      | 2620 ||| READING scroll labelled JYSKIEFANO.
  2621 | D:3      | 2621 ||| READING scroll labelled FUUGIFR ROMETH.
  2622 | D:3      | 2622 ||| READING 5 scrolls of identify.
  2622 | D:3      | 2622 ||| IDENTIFYING amethyst potion
  2623 | D:3      | 2623 ||| READING 4 scrolls of identify.
  2623 | D:3      | 2623 ||| IDENTIFYING glowing pink potion
  2624 | D:3      | 2624 ||| READING 3 scrolls of identify.
  2624 | D:3      | 2624 ||| IDENTIFYING fuming purple potion
  2625 | D:3      | 2625 ||| READING 2 scrolls of identify.
  2625 | D:3      | 2625 ||| IDENTIFYING fuming grey potion
  2626 | D:3      | 2626 ||| DROPPING potion of lignification.
  2627 | D:3      | 2627 ||| DROPPING potion of flight.
  2628 | D:3      | 2628 ||| DROPPING potion of brilliance.
  2629 | D:3      | 2629 ||| DROPPING potion of magic.
  2652 | D:4      | Found Bepemu's Assorted Antiques.
  2653 | D:4      | 2653 ||| PLANNING SEWER
  2655 | D:4      | 2655 ||| BUYING scroll of identify (62 gold).
  2655 | D:4      | Bought a scroll of identify for 62 gold pieces
  2671 | D:4      | Noticed Sigmund
  2680 | D:4      | HP: 3/26 [something (8)]
  2681 | D:4      | Slain by Sigmund

Levels and vault maps discovered:
D:1:      dpeg_arrival_shrine, layout_basic, minmay_misc_feat_five
D:2:      layout_loops_cross, kennysheep_decorative_pillar
D:3:      layout_basic, minmay_lizard_king
D:4:      layout_rooms, minmay_temple_entry_grid, serial_curves, eino_curves_02,
          eino_curves_02, gup_sewer_entry_spiral, nicolae_stop_n_shop_1,
          uniq_sigmund, uniq_duvessa, uniq_eustachio

Skill      XL: |  1  2  3 |
---------------+----------+-----
Axes           | 3 4 |  4.1
Shields        | 1 |  1.0
Armour         | 2 |  2.0
Fighting       | |  2.0
Throwing       | |  1.0
Dodging        | |  2.1
Spellcasting   | |  2.0
Translocations | |  2.4

Action                   |  1- 3 |  4- 6 || total
-------------------------+-------+-------++-------
Melee: Hand axe          |    89 |    13 ||   102
       Kick              |    24 |     6 ||    30
       Peck              |    10 |     3 ||    13
       Punch             |     1 |       ||     1
       War axe           |       |     7 ||     7
Throw: Boomerang         |     7 |       ||     7
  Use: Scroll            |     6 |     6 ||    12
       Potion            |     2 |       ||     2
Armor: Leather armour    |     9 |       ||     9
       Plate armour      |    16 |     7 ||    23
Dodge: Dodged            |    16 |     2 ||    18
Block: Buckler           |     3 |     1 ||     4

Table legend:
 A = Non-vault XP
 B = Vault XP
 C = Vault XP percentage of total XP
 D = Non-vault monster count
 E = Vault monster count
 F = Vault count percentage of total count
                 A         B        C        D         E       F
            +---------+---------+-------+---------+---------+-------
      Total |      84 |      10 |  10.6 |      42 |      10 |  19.2
            +---------+---------+-------+---------+---------+-------
        D:1 |      30 |       0 |   0.0 |      19 |       0 |   0.0
        D:2 |      11 |       0 |   0.0 |       8 |       0 |   0.0
        D:3 |      43 |      10 |  18.9 |      15 |      10 |  40.0
            +---------+---------+-------+---------+---------+-------
